 Dungeon Crawl Stone Soup version 0.27-a0-633-gc6addc0a40 (webtiles) character file.

Game seed: 3662795217642059724

9652 jasper the Tainter (level 11, 0/53 HPs)
             Began as a Spriggan Venom Mage on Mar 13, 2021.
             Was a High Priest of Vehumet.
             Succumbed to a guardian serpent's bolt of poison
             ... on level 10 of the Dungeon.
             The game lasted 00:31:15 (16808 turns).

jasper the Tainter (Spriggan Venom Mage)           Turns: 16808, Time: 00:31:15

Health: 0/53       AC:  9    Str:  2    XL:     11   Next: 25%
Magic:  8/22       EV: 21    Int: 22    God:    Vehumet [*****.]
Gold:   1569       SH:  5    Dex: 17    Spells: 10/24 levels left

rFire    + . .     SeeInvis +   p - +1 short sword (elec)
rCold    . . .     Faith    .   (shield restricted)
rNeg     . . .     Spirit   .   S - +2 robe of the Original Sin {Will++ Str-2 Int+3}
rPois    .         Reflect  +   g - +2 hat
rElec    .         Harm     .   r - +2 cloak
rCorr    .         Rampage  .   (gloves unavailable)
Will     +++..                  (boots unavailable)
Stlth    ++........             f - amulet of reflection
HPRegen  0.17/turn              G - ring of protection from fire
MPRegen  0.18/turn              (no ring)

@: lethally poisoned (0 -> -12), very quick
A: very small, no large weapons, unfitting armour, see invisible, speed 3
a: Renounce Religion


You were on level 10 of the Dungeon.
You worshipped Vehumet.
Vehumet was extremely pleased with you.
You visited 2 branches of the dungeon, and saw 12 of its levels.
You also visited: Sewer and Bailey.

You collected 1569 gold pieces.

Inventory:

Hand Weapons
 e - a +0 hunting sling
 p - a +1 short sword of electrocution (weapon)
Missiles
 d - 164 arrows
 k - 93 sling bullets
 l - 300 stones
 K - 67 boomerangs
Armour
 a - a +0 robe
 g - a +2 hat (worn)
 r - a +2 cloak (worn)
 S - the +2 robe of the Original Sin (worn) {Will++ Str-2 Int+3}
   (You found it on level 10 of the Dungeon)

   It affects your strength (-2).
   It affects your intelligence (+3).
   It affects your willpower, your defense against some magical effects.
Magical Staves
 L - a staff of poison
Jewellery
 b - a ring of flight
 f - an amulet of reflection (around neck)
 A - an amulet of magic regeneration
 G - a ring of protection from fire (right hand)
Wands
 u - a wand of digging (11)
 B - a wand of flame (8)
 C - a wand of iceblast (9)
 D - a wand of random effects (77)
 E - a wand of acid (11)
 F - a wand of paralysis (10)
 H - a wand of mindburst (23)
Scrolls
 h - 2 scrolls of enchant weapon
 i - 7 scrolls of amnesia
 j - 10 scrolls of teleportation
 o - 3 scrolls of fog
 x - a scroll of fear
 y - a scroll of blinking
 I - a scroll of vulnerability
 J - a scroll of enchant armour
 M - a scroll of magic mapping
 N - a scroll of noise
 P - a scroll of immolation
Potions
 c - 6 potions of flight
 n - 2 potions of invisibility
 q - 3 potions of attraction
 s - 2 potions of cancellation
 t - a potion of resistance
 v - 5 potions of lignification
 w - 2 potions of might
 z - a potion of magic
 O - a potion of brilliance
 T - a potion of haste


   Skills:
 + Level 3.8 Fighting
 + Level 7.6 Dodging
 - Level 3.0 Stealth
 + Level 7.0 Spellcasting
 * Level 6.0 Conjurations
 - Level 7.0 Transmutations
 - Level 3.0 Fire Magic
 - Level 3.0 Air Magic
 * Level 5.9 Earth Magic
 - Level 9.0 Poison Magic


You had 10 spell levels left.
You knew the following spells:

 Your Spells              Type           Power      Damage    Failure   Level
a - Sting                 Tmut/Pois      100%       1d8       1%          1
b - Ignite Poison         Fire/Tmut/Pois 35%        N/A       1%          3
c - Olgreb's Toxic Radia  Pois           47%        N/A       1%          4
d - Mephitic Cloud        Conj/Pois/Air  34%        N/A       1%          3
e - Stone Arrow           Conj/Erth      68%        3d11      1%          3

Your spell library contained the following spells:

 Spells                   Type           Power      Damage    Failure   Level
 Conjure Ball Lightning   Conj/Air       13%        3x3d6     43%         6
 Poisonous Vapours        Pois/Air       68%        N/A       1%          2


Dungeon Overview and Level Annotations

Branches:
Dungeon (11/15)            Temple (1/1) D:4             Orc (0/2) D:9
  Sewer (visited)          Bailey (visited)
   Lair: D:8-11

Altars:
Ashenzari
Cheibriados
Dithmenos
Elyvilon
Fedhas
Gozag
Hepliaklqana
Kikubaaqudgha
Makhleb
Nemelex Xobeh
Okawaru
Qazlal
Ru
Sif Muna
Trog
Uskayaw
Vehumet
Wu Jian
Xom
Yredelemnul
Zin
The Shining One

Shops:
D:10 [

Annotations:
D:7 2 runed translucent doors, exclusion: orange crystal statue
D:8 1 runed translucent door, fozzywoppz's ghost, novice MiDe


Innate Abilities, Weirdness & Mutations

You are very small and have problems with some larger weapons.
You are too small for most types of armour.
You have supernaturally acute eyesight. (SInv)
You cover ground extremely quickly. (Speed+++)


Message History

There is a stone staircase leading down here.
You take 20 damage, and have 9/53 hp.
MASSIVE DAMAGE!!
You feel much better.
The guardian serpent hits you but does no damage.
You regained 21 hp, and now have 30/53 hp.
You feel better. The guardian serpent hits you! The guardian serpent hits you.
You take 8 damage, and have 22/53 hp.
Casting: Stone Arrow (safe; 1% risk of failure)
Confirm with . or Enter, or press ? or * to list all spells.
Aiming: Stone Arrow (safe; 1% risk of failure)
Press: ? - help, Shift-Dir - straight line, f - guardian serpent
Aim: a guardian serpent (moderately wounded, 40% to evade)
The stone arrow misses the guardian serpent.
You block the guardian serpent's attack.
You now have 13/22 mp.
Casting: Stone Arrow (safe; 1% risk of failure)
Confirm with . or Enter, or press ? or * to list all spells.
Aiming: Stone Arrow (safe; 1% risk of failure)
Press: ? - help, Shift-Dir - straight line, f/p - guardian serpent
Aim: a guardian serpent (moderately wounded, 40% to evade)
The stone arrow hits the guardian serpent!
The guardian serpent is heavily wounded.
You block the guardian serpent's attack.
The guardian serpent hits you!
* * * LOW HITPOINT WARNING * * *
You take 16 damage, and have 6/53 hp.
MASSIVE DAMAGE!!
You now have 10/22 mp.
You feel much better.
The guardian serpent coils itself and waves its upper body at you.
The bolt of poison hits you!!
You are poisoned.
* * * LOW HITPOINT WARNING * * *
You take 4 damage, and have 2/53 hp.
Casting: Stone Arrow (safe; 1% risk of failure)
Confirm with . or Enter, or press ? or * to list all spells.
Aiming: Stone Arrow (safe; 1% risk of failure)
Press: ? - help, Shift-Dir - straight line, f/p - guardian serpent
Aim: a guardian serpent (heavily wounded, 40% to evade)
The stone arrow hits the guardian serpent.
The guardian serpent is severely wounded.
You die...

#.############.#
#######..............#
.....................#
.....................#
#######..............#
#..............#
#....>.........#
#######........S.....#
................@....#
.....................#
.....................#
).)).##############..#
.....# #..# ...).#
#..# ...)[# #..#
....)##############..#
.....................#


You could see a guardian serpent.

Vanquished Creatures
  Harold (D:8)
  A two-headed ogre (D:9)
  An orc knight (Bailey)
  Pikel (D:9)
  Joseph (D:9)
  Grinder (D:3)
  3 yaks (D:6)
  Duvessa (D:7)
  2 water moccasins
  2 ice beasts
  12 orc warriors
  A black bear (D:10)
  4 ogres
  A centaur (D:5)
  A lemure (D:9)
  2 phantoms (D:9)
  8 kobold brigands
  Blork the orc (D:5)
  9 bullfrogs
  Dowan (D:7)
  A scorpion (D:8)
  A water moccasin skeleton (D:6)
  A wyvern skeleton (D:10)
  21 wights
  6 howler monkeys
  3 jellies
  A centaur zombie (D:10)
  2 bullfrog zombies (D:9)
  4 hounds
  Crazy Yiuf (D:2)
  4 orc priests
  2 bullfrog skeletons
  7 orc wizards
  Terence (D:2)
  5 iguanas
  12 worker ants
  2 hound skeletons
  A worker ant zombie (D:5)
  Robin (D:2)
  15 gnolls
  5 river rats (Sewer)
  9 adders
  3 white imps
  2 ufetubi
  5 oozes
  2 adder zombies
  3 adder skeletons
  3 worms
  A dart slug (D:3)
  An adder simulacrum (D:9)
  6 leopard geckos
  39 orcs
  4 ball pythons
  4 giant cockroaches
  17 goblins
  7 hobgoblins
  11 jackals
  5 quokkas
  5 bats
  2 frilled lizards
  A jackal skeleton (D:8)
  36 kobolds
  A leopard gecko zombie (D:9)
  A quokka skeleton (D:6)
  15 rats
333 creatures vanquished.

Notes
Turn   | Place    | Note
-------+----------+-------------------------------------------
     0 | D:1      | jasper the Spriggan Venom Mage began the quest for the Orb.
     0 | D:1      | Reached XP level 1. HP: 9/9 MP: 5/5
   372 | D:1      | Reached XP level 2. HP: 13/13 MP: 0/6
   669 | D:1      | Reached skill level 4 in Poison Magic
   951 | D:1      | Reached XP level 3. HP: 16/16 MP: 8/8
  1390 | D:2      | Found a runed translucent door.
  1391 | D:2      | Noticed Crazy Yiuf
  1958 | D:2      | Noticed Terence
  1973 | D:2      | Killed Terence
  1974 | D:2      | Reached skill level 5 in Poison Magic
  1974 | D:2      | Reached XP level 4. HP: 21/21 MP: 6/9
  2048 | D:2      | Learned a level 3 spell: Ignite Poison
  2053 | D:2      | Learned a level 4 spell: Olgreb's Toxic Radiance
  2179 | D:2      | Noticed Robin
  2193 | D:2      | Killed Robin
  2562 | D:2      | Killed Crazy Yiuf
  2965 | D:3      | Reached XP level 5. HP: 24/24 MP: 10/10
  3102 | D:3      | Noticed Grinder
  3383 | D:4      | Noticed an ogre
  3390 | D:4      | Found a staircase to the Ecumenical Temple.
  3401 | D:4      | Reached skill level 6 in Poison Magic
  3409 | Temple   | Entered the Ecumenical Temple
  3486 | Temple   | Became a worshipper of Vehumet
  3657 | D:4      | Reached XP level 6. HP: 16/28 MP: 2/11
  4093 | D:4      | Reached skill level 7 in Poison Magic
  4736 | D:5      | Entered Level 5 of the Dungeon
  4736 | D:5      | Noticed Blork the orc
  4794 | D:5      | Killed Blork the orc
  4795 | D:5      | Reached skill level 8 in Poison Magic
  4795 | D:5      | Reached XP level 7. HP: 22/32 MP: 0/12
  4799 | D:5      | Learned a level 3 spell: Mephitic Cloud
  4932 | D:5      | Reached * piety under Vehumet
  4932 | D:5      | Offered knowledge of Shock by Vehumet.
  4933 | D:5      | Reached skill level 1 in Fire Magic
  5278 | D:5      | Reached skill level 1 in Air Magic
  5374 | D:5      | Reached skill level 1 in Conjurations
  6043 | D:3      | Paralysed by Grinder for 2 turns
  6046 | D:3      | Killed Grinder
  6047 | D:3      | Reached XP level 8. HP: 27/36 MP: 5/13
  7072 | D:6      | Reached ** piety under Vehumet
  7073 | D:6      | Reached skill level 5 in Transmutations
  7331 | D:6      | Offered knowledge of Foxfire by Vehumet.
  7373 | D:6      | Found a glowing drain.
  7525 | Sewer    | Entered a sewer
  8027 | Sewer    | Reached XP level 9. HP: 18/40 MP: 10/14
  8328 | Sewer    | Offered knowledge of Stone Arrow by Vehumet.
  8333 | Sewer    | Learned a level 3 spell: Stone Arrow
  8650 | D:6      | Reached skill level 1 in Fighting
  9177 | D:5      | Reached *** piety under Vehumet
  9928 | D:6      | Reached skill level 9 in Poison Magic
 10181 | D:6      | Reached skill level 1 in Earth Magic
 10644 | D:6      | Reached skill level 5 in Dodging
 10845 | D:7      | Offered knowledge of Conjure Flame by Vehumet.
 11411 | D:7      | Reached skill level 5 in Spellcasting
 11411 | D:7      | Reached XP level 10. HP: 29/46 MP: 14/18
 11708 | D:7      | Found a runed translucent door.
 11714 | D:7      | Found the +10 tower shield of Ignorance {rN+ Int-4}
 11719 | D:7      | Found a runed translucent door.
 11821 | D:7      | Noticed Duvessa
 11825 | D:7      | Noticed Dowan
 11828 | D:7      | Killed Dowan
 11828 | D:7      | Reached **** piety under Vehumet
 11836 | D:7      | Killed Duvessa
 12031 | D:7      | Offered knowledge of Hailstorm by Vehumet.
 12221 | D:7      | Found a snail-covered altar of Cheibriados.
 12276 | D:7      | Noticed an orange crystal statue
 12818 | D:8      | Found a flagged portal.
 12823 | D:8      | Noticed Harold
 12829 | D:8      | Killed Harold
 12844 | Bailey   | Entered a bailey
 12962 | Bailey   | Noticed an orc knight
 13029 | Bailey   | Killed an orc knight
 13030 | Bailey   | Reached skill level 5 in Conjurations
 13726 | D:8      | Found a runed translucent door.
 13729 | D:8      | Noticed fozzywoppz's ghost (novice MiDe)
 14086 | D:8      | Found a sparkling altar of Nemelex Xobeh.
 14388 | D:9      | Noticed Joseph
 14399 | D:9      | Killed Joseph
 14400 | D:9      | Reached skill level 5 in Earth Magic
 14610 | D:9      | Noticed Pikel
 14619 | D:9      | Killed Pikel
 14619 | D:9      | Reached ***** piety under Vehumet
 14834 | D:9      | Reached XP level 11. HP: 52/52 MP: 7/21
 15119 | D:9      | Offered knowledge of Conjure Ball Lightning by Vehumet.
 15278 | D:9      | Found a staircase to the Orcish Mines.
 15484 | D:9      | Noticed a two-headed ogre
 15488 | D:9      | Killed a two-headed ogre
 15751 | D:10     | Entered Level 10 of the Dungeon
 16000 | D:10     | Identified the +2 robe of the Original Sin {Will++ Str-2
                  | Int+3}
 16284 | D:10     | Found Tuew's Antique Armour Shop.
 16807 | D:10     | HP: 2/53 [guardian serpent/bolt of poison (21)]
 16808 | D:10     | Succumbed to a guardian serpent's bolt of poison

Illustrated notes

Levels and vault maps discovered:
D:1:      minmay_arrival_widening_spiral_wide, layout_basic,
          amcnicky_mini_pool_small
D:2:      layout_basic, uniq_crazy_yiuf_cottage, uniq_robin, uniq_terence
D:3:      layout_basic, small_statue_alley_b, uniq_grinder
D:4:      layout_cave_pools, minmay_temple_entry_hall, serial_glass,
          glass_columns_c, glass_columns_a, glass_columns_c, glass_columns_c,
          glass_columns_b, glass_columns_a, glass_columns_a, glass_columns_a
D:5:      minmay_chambers_of_fours, layout_basic, uniq_blork_the_orc
D:6:      layout_gridville, portal_sewer_entry_e
D:7:      layout_layer_cave, general_overflow_altar,
          chequers_guarded_unrand_ignorance, uniq_duvessa
D:8:      layout_cave_pools, enter_bailey_5, hellmonk_ghost_happy_afterlife,
          nemelex_diamond_rough_becter, uniq_harold
D:9:      layout_loops_cross, david_orc_2, serial_ice, serial_ice_l,
          serial_ice_f, serial_ice_m, serial_ice_d, kennysheep_nondescript,
          minmay_fractal_squares_5, uniq_joseph, uniq_pikel
D:10:     layout_long_grid, serial_shops, shop
D:11:     nrook_guardian_serpent_snake_passage, layout_basic,
          david_lair_generic, minmay_the_grid_square_5x5_3x3_mashed
          [minmay_the_grid_square_5x5_inner_v, minmay_the_grid_square_5x5_c,
          minmay_the_grid_square_5x5_n, minmay_the_grid_square_5x5_shrine2,
          minmay_the_grid_square_5x5_megaprize_open,
          minmay_the_grid_square_5x5_bite,
          minmay_the_grid_square_5x5_checkered_sparse,
          minmay_the_grid_square_5x5_minibox,
          minmay_the_grid_square_5x5_trominoes]
Temple:   compressed_dpeg_circular_temple

Skill      XL: |  1  2  3  4  5  6  7  8  9 10 11 |
---------------+----------------------------------+-----
Poison Magic   | 4 5 6 8 9 |  9.0
Transmutations | 2 4 7 |  7.0
Fire Magic     | 2 3 |  3.0
Air Magic      | 2 3 |  3.0
Conjurations   | 2 3 4 5 6 |  6.0
Spellcasting   | 3 5 6 7 |  7.0
Dodging        | 3 5 7 |  7.6
Fighting       | 2 3 |  3.8
Earth Magic    | 2 5 |  5.9
Stealth        | |  3.0

Action                   |  1- 3 |  4- 6 |  7- 9 | 10-12 || total
-------------------------+-------+-------+-------+-------++-------
Melee: Unarmed           |     4 |       |       |       ||     4
       Short sword       |       |       |   206 |   157 ||   363
 Fire: Hunting sling     |    54 |    77 |    76 |       ||   207
 Cast: Sting             |    57 |    78 |   125 |    46 ||   306
       Olgreb's Toxic Ra |       |     2 |     6 |    45 ||    53
       Mephitic Cloud    |       |       |    15 |     9 ||    24
       Ignite Poison     |       |       |    11 |    20 ||    31
       Stone Arrow       |       |       |    27 |    16 ||    43
Evoke: Wand              |       |       |       |     5 ||     5
  Use: Scroll            |       |     8 |     3 |     9 ||    20
       Potion            |       |     4 |     2 |     4 ||    10
 Stab: Sleeping          |       |       |     4 |     3 ||     7
       Confused          |       |       |       |     3 ||     3
Armor: Robe              |     6 |    13 |    34 |    18 ||    71
Dodge: Dodged            |    47 |    45 |   251 |   129 ||   472
Block: Other             |       |       |       |    44 ||    44
       Reflection        |       |       |       |     4 ||     4

Table legend: (Time is in decaauts)
 A = Elapsed time spent in this place.
 B = Non-inter-level travel time spent in this place.
 C = Inter-level travel time spent in this place.
 D = Time resting spent in this place.
 E = Time spent auto-exploring this place.
 F = Levels seen in this place.
 G = Mean time per level.
                   A        B        C        D        E       F      G
               +--------+--------+--------+--------+--------+-----+--------+
         Total |  13356 |  12966 |    390 |   2014 |   8703 |  14 |  954.0 |
       Dungeon |  11398 |  11026 |    372 |   1624 |   7604 |  11 | 1036.2 |
        Temple |    212 |    194 |     18 |    107 |     35 |   1 |  212.0 |
         Sewer |   1037 |   1037 |      0 |      0 |    801 |   1 | 1037.0 |
        Bailey |    707 |    707 |      0 |    283 |    262 |   1 |  707.0 |
               +--------+--------+--------+--------+--------+-----+--------+

Top non-repeatable levels by time:
     D:6: 2103 daAuts
     D:5: 1510 daAuts
     D:2: 1354 daAuts
     D:7: 1179 daAuts
     D:9: 1074 daAuts
   Sewer: 1037 daAuts
     D:4: 968 daAuts
     D:3: 955 daAuts
     D:1: 890 daAuts
    D:10: 772 daAuts
  Bailey: 707 daAuts
     D:8: 554 daAuts
  Temple: 212 daAuts
    D:11: 33 daAuts
